AA CENTRAL
ARKANSAS TRAVELERS @ SAN ANTONIO MISSIONS
07/02/2041
 
TOP OF THE 1ST
Arkansas Travelers batting - Pitching for San Antonio Missions : RHP Jeff Lindsay
Pitching: RHP Jeff Lindsay
Batting: RHB Doug Hawk 0-0: DOUBLE (Line Drive, 9LM, EV 107.5 MPH)
Batting: SHB Junior Garrett 0-0: Foul Ball, location: 2F
0-1: Called Strike
0-2: Ball
1-2: Strikes out looking
Batting: RHB Ric Dennis 0-0: Called Strike
0-1: Foul Ball, location: 2F
0-2: Foul Ball, location: 2F
0-2: Ball
1-2: Strikes out swinging
Batting: LHB Brad McParland 0-0: Ball
1-0: Foul Ball, location: 2F
1-1: DOUBLE (Line Drive, 9LS, EV 110.6 MPH)
Doug Hawk scores
Batting: LHB Greg Gibson 0-0: Called Strike
0-1: Foul Ball, location: 3F
0-2: Ball
1-2: Ball
2-2: Foul Ball, location: 2F
2-2: Ball
3-2: Strikes out swinging
Top of the 1st over - 1 run, 2 hits, 0 errors, 1 left on base; Arkansas 1 - San Antonio 0
BOTTOM OF THE 1ST
San Antonio Missions batting - Pitching for Arkansas Travelers : RHP Joe Anderson
Pitching: RHP Joe Anderson
Batting: RHB José Beltrán 0-0: SINGLE (Groundball, 34D, EV 106.3 MPH)
Batting: LHB Ignacio Villa 0-0: Ball
1-0: Ball
2-0: Ball
3-0: Called Strike
3-1: Base on Balls
José Beltrán to second
Batting: RHB Tim James 0-0: Ball
1-0: Ball
2-0: Called Strike
2-1: Ball
3-1: SINGLE (Line Drive, 8RS, EV 83.1 MPH)
José Beltrán to third
Ignacio Villa to second
Runner from 3rd tries for Home, SAFE, throw by CF to home
Batting: RHB Jorge Cabrera 0-0: Foul Ball, location: 5FF
0-1: Ball
1-1: Fly out, F9 (Flyball, 9S, EV 94.4 MPH)
Batting: LHB Johann Sorely 0-0: Hit by Pitch
Ignacio Villa to third
Tim James to second
Batting: SHB Kakuzo Eida 0-0: Ball
1-0: Ball
2-0: Ball
3-0: Called Strike
3-1: SINGLE (Groundball, 4MD, EV 102.5 MPH)
Ignacio Villa scores
Tim James to third
Johann Sorely to second
Throwing error, E8
Tim James scores
Johann Sorely to third
Kakuzo Eida to second
Batting: RHB Steve Jones 0-0: Ball
1-0: Fly out, F8 (Flyball, 8RD, EV 76.9 MPH)
Runner from 3rd tags up, SCORES, throw by CF
Kakuzo Eida to third
Batting: RHB John Howatt 0-0: Foul Ball, location: 2RF
0-1: Swinging Strike
0-2: Fly out, F4 (Popup, 13, EV 90.0 MPH)
Bottom of the 1st over - 4 runs, 3 hits, 1 error, 1 left on base; Arkansas 1 - San Antonio 4
TOP OF THE 2ND
Arkansas Travelers batting - Pitching for San Antonio Missions : RHP Jeff Lindsay
Batting: RHB Xavier López 0-0: Fly out, F3 (Popup, 3, EV 66.3 MPH)
Batting: LHB Jorge Santos 0-0: DOUBLE (Groundball, 3L, EV 105.6 MPH)
Batting: RHB Clarence Gedman 0-0: Ball
1-0: Fly out, F7 (Line Drive, 78M, EV 105.0 MPH)
Batting: RHB Josh Hannemann 0-0: Called Strike
0-1: SINGLE (Line Drive, 56, EV 97.5 MPH)
Jorge Santos to third
Runner from 3rd tries for Home, SAFE, throw by LF to home
Batting: RHB Doug Hawk 0-0: Ball
1-0: Ground out 5-3 (Groundball, 56S, EV 85.6 MPH)
Top of the 2nd over - 1 run, 2 hits, 0 errors, 1 left on base; Arkansas 2 - San Antonio 4
BOTTOM OF THE 2ND
San Antonio Missions batting - Pitching for Arkansas Travelers : RHP Joe Anderson
Batting: LHB Greg Greene 0-0: Foul Ball, location: 9LDF
0-1: Ball
1-1: Foul Ball, location: 7LMF
1-2: SOLO HOME RUN (Line Drive, 7LD, EV 93.8 MPH), Distance : 354 ft
Batting: RHB José Beltrán 0-0: Ball
1-0: Foul Ball, location: 2F
1-1: Swinging Strike
1-2: Ball
2-2: Foul Ball, location: 9LMFF
2-2: Foul Ball, location: 2RF
2-2: SINGLE (Line Drive, 7S, EV 91.3 MPH)
Batting: LHB Ignacio Villa 0-0: Ball
1-0: Sac Bunt to 25 - play at first, batter OUT! 5-3
José Beltrán to second
Batting: RHB Tim James 0-0: SINGLE (Groundball, 34D, EV 94.4 MPH)
José Beltrán to third
Runner from 3rd tries for Home, SAFE, throw by RF to home
Tim James to second
Pitching: RHP Tristan Cleveland
Batting: RHB Jorge Cabrera 0-0: Ball
1-0: Ball
2-0: Ball
3-0: Swinging Strike
3-1: SINGLE (Flyball, 9LS, EV 93.8 MPH)
Tim James to third
Batting: LHB Johann Sorely 0-0: Ball
1-0: Called Strike
1-1: Ball
Jorge Cabrera steals 2nd base
2-1: Swinging Strike
2-2: Ball
3-2: DOUBLE (Flyball, 8RXD, EV 109.4 MPH)
Tim James scores
Jorge Cabrera scores
Batting: SHB Kakuzo Eida 0-0: Ball
1-0: Called Strike
1-1: Ball
2-1: Ball
3-1: Base on Balls
Batting: RHB Steve Jones 0-0: SINGLE (Flyball, 3D, EV 93.1 MPH)
Johann Sorely to third
Kakuzo Eida to second
Batting: RHB John Howatt 0-0: Grounds into double play, 6-4-3 (Groundball, 6, EV 86.3 MPH)
Bottom of the 2nd over - 4 runs, 6 hits, 0 errors, 2 left on base; Arkansas 2 - San Antonio 8
TOP OF THE 3RD
Arkansas Travelers batting - Pitching for San Antonio Missions : RHP Jeff Lindsay
Batting: SHB Junior Garrett 0-0: Ball
1-0: Foul Ball, location: 2F
1-1: Foul Ball, location: 2LF
1-2: Strikes out swinging
Batting: RHB Ric Dennis 0-0: Called Strike
0-1: Called Strike
0-2: Ball
1-2: Ball
2-2: Fly out, F4 (Popup, 4S, EV 68.8 MPH)
Batting: LHB Brad McParland 0-0: Swinging Strike
0-1: Foul Ball, location: 7LDF
0-2: Ball
1-2: DOUBLE (Line Drive, 7LM, EV 91.9 MPH)
Batting: LHB Greg Gibson 0-0: Ball
1-0: Ball
2-0: Foul Ball, location: 3FF
2-1: Fly out, F8 (Flyball, 8RD, EV 82.5 MPH)
Top of the 3rd over - 0 runs, 1 hit, 0 errors, 1 left on base; Arkansas 2 - San Antonio 8
BOTTOM OF THE 3RD
San Antonio Missions batting - Pitching for Arkansas Travelers : RHP Tristan Cleveland
Batting: LHB Greg Greene 0-0: Called Strike
0-1: Ball
1-1: Ground out 4-3 (Groundball, 4, EV 87.5 MPH)
Batting: RHB José Beltrán 0-0: Ball
1-0: Ball
2-0: DOUBLE (Flyball, 8LXD, EV 110.0 MPH)
Batting: LHB Ignacio Villa 0-0: Called Strike
José Beltrán steals 3rd base (no throw)
0-1: Called Strike
0-2: Foul Ball, location: 5DF
0-2: Ground out 3-1 (Groundball, 34, EV 90.0 MPH)
José Beltrán scores
Batting: RHB Tim James 0-0: Ball
1-0: Swinging Strike
1-1: Foul Ball, location: 5F
1-2: Ball
2-2: Foul Ball, location: 2F
2-2: Ball
3-2: Fly out, F7 (Flyball, 7LMF, EV 107.5 MPH)
Bottom of the 3rd over - 1 run, 1 hit, 0 errors, 0 left on base; Arkansas 2 - San Antonio 9
TOP OF THE 4TH
Arkansas Travelers batting - Pitching for San Antonio Missions : RHP Jeff Lindsay
Batting: RHB Xavier López 0-0: Called Strike
0-1: Ball
1-1: Ground out 4-3 (Groundball, 4MS, EV 80.0 MPH)
Batting: LHB Jorge Santos 0-0: Called Strike
0-1: Called Strike
0-2: Ball
1-2: Strikes out swinging
Batting: RHB Clarence Gedman 0-0: Ball
1-0: Ball
2-0: Called Strike
2-1: Ball
3-1: Foul Ball, location: 2F
3-2: Fly out, F9 (Flyball, 9S, EV 76.9 MPH)
Top of the 4th over - 0 runs, 0 hits, 0 errors, 0 left on base; Arkansas 2 - San Antonio 9
BOTTOM OF THE 4TH
San Antonio Missions batting - Pitching for Arkansas Travelers : RHP Tristan Cleveland
Batting: RHB Jorge Cabrera 0-0: Ground out 4-3 (Groundball, 4, EV 78.1 MPH)
Batting: LHB Johann Sorely 0-0: Ball
1-0: Ball
2-0: Called Strike
2-1: SINGLE (Line Drive, 89S, EV 95.0 MPH)
Batting: SHB Kakuzo Eida 0-0: Fly out, F8 (Flyball, 78S, EV 98.1 MPH)
Batting: RHB Steve Jones 0-0: Ball
1-0: Ball
2-0: 2-RUN HOME RUN (Flyball, 78XD, EV 108.1 MPH), Distance : 401 ft
Batting: RHB John Howatt 0-0: Ball
1-0: Ground out 3-1 (Groundball, 34, EV 76.3 MPH)
Bottom of the 4th over - 2 runs, 2 hits, 0 errors, 0 left on base; Arkansas 2 - San Antonio 11
TOP OF THE 5TH
Arkansas Travelers batting - Pitching for San Antonio Missions : RHP Jeff Lindsay
Batting: RHB Josh Hannemann 0-0: Foul Ball, location: 23F
0-1: Swinging Strike
0-2: Strikes out swinging
Batting: RHB Doug Hawk 0-0: Called Strike
0-1: Foul Ball, location: 3FF
0-2: Ball
1-2: Strikes out swinging
Batting: SHB Junior Garrett 0-0: Called Strike
0-1: Foul Ball, location: 2F
0-2: SINGLE (Groundball, 6S, EV 73.1 MPH) (infield hit)
Batting: RHB Ric Dennis 0-0: Ball
1-0: Ball
2-0: Fielders Choice at 2nd, 6-4 (Groundball, 6, EV 81.9 MPH)
Top of the 5th over - 0 runs, 1 hit, 0 errors, 1 left on base; Arkansas 2 - San Antonio 11
BOTTOM OF THE 5TH
San Antonio Missions batting - Pitching for Arkansas Travelers : RHP Tristan Cleveland
Batting: LHB Greg Greene 0-0: Ball
1-0: SINGLE (Groundball, 4MD, EV 95.0 MPH)
Batting: RHB José Beltrán 0-0: Ball
1-0: TRIPLE (Groundball, 5L, EV 108.1 MPH)
Greg Greene scores
Batting: LHB Ignacio Villa 0-0: Called Strike
0-1: DOUBLE (Line Drive, 9LM, EV 100.0 MPH)
José Beltrán scores
Pitching: RHP Ed Cobb
Batting: RHB Tim James 0-0: Ball
1-0: DOUBLE (Line Drive, 8LXD, EV 107.5 MPH)
Ignacio Villa scores
Batting: RHB Jorge Cabrera 0-0: Ball
1-0: Ball
2-0: Foul Ball, location: 2F
2-1: Ball
3-1: Foul Ball, location: 25F
3-2: Base on Balls
Batting: LHB Johann Sorely 0-0: Called Strike
0-1: Ball
1-1: Ball
2-1: Called Strike
2-2: SINGLE (Line Drive, 9S, EV 93.8 MPH)
Tim James to third
Jorge Cabrera to second
Batting: SHB Kakuzo Eida 0-0: Foul Ball, location: 5DF
0-1: Ball
1-1: Called Strike
1-2: Strikes out swinging
Batting: RHB Steve Jones 0-0: Foul Ball, location: 3FF
0-1: Fly out, F8 (Flyball, 8LD, EV 94.4 MPH)
Runner from 3rd tags up, OUT at HOME! 8-2
Bottom of the 5th over - 3 runs, 5 hits, 0 errors, 2 left on base; Arkansas 2 - San Antonio 14
TOP OF THE 6TH
Arkansas Travelers batting - Pitching for San Antonio Missions : RHP Jeff Lindsay
Batting: LHB Brad McParland 0-0: SINGLE (Groundball, 4MS, EV 65.0 MPH) (infield hit)
Batting: LHB Greg Gibson 0-0: Ball
1-0: Grounds into double play, 3-6-1 (Groundball, 34S, EV 90.6 MPH)
Batting: RHB Xavier López 0-0: Ball
1-0: Ground out 1-3 (Groundball, 15S, EV 68.8 MPH)
Top of the 6th over - 0 runs, 1 hit, 0 errors, 0 left on base; Arkansas 2 - San Antonio 14
BOTTOM OF THE 6TH
San Antonio Missions batting - Pitching for Arkansas Travelers : RHP Ed Cobb
Batting: RHB John Howatt 0-0: Called Strike
0-1: Foul Ball, location: 2F
0-2: Ball
1-2: Ball
2-2: SINGLE (Flyball, 4D, EV 89.4 MPH)
Batting: LHB Greg Greene 0-0: Called Strike
0-1: Ball
1-1: Ball
2-1: DOUBLE (Line Drive, 8LXD, EV 96.3 MPH)
John Howatt to third
Pitching: RHP Mike Sykes
Batting: RHB José Beltrán 0-0: Ground out 4-3 (Groundball, 4, EV 81.9 MPH)
Batting: LHB Ignacio Villa 0-0: Ball
1-0: Fly out, F9 (Flyball, 9S, EV 83.8 MPH)
Batting: RHB Tim James 0-0: Ball
1-0: Ball
2-0: Fly out, F8 (Flyball, 78M, EV 85.0 MPH)
Bottom of the 6th over - 0 runs, 2 hits, 0 errors, 2 left on base; Arkansas 2 - San Antonio 14
TOP OF THE 7TH
Arkansas Travelers batting - Pitching for San Antonio Missions : RHP Jeff Lindsay
Batting: LHB Jorge Santos 0-0: Foul Ball, location: 2F
0-1: Ball
1-1: Foul Ball, location: 2F
1-2: Ball
2-2: Ground out U3 (Groundball, 3S, EV 90.6 MPH)
Batting: RHB Clarence Gedman 0-0: Ground out 6-3 (Groundball, 6, EV 101.3 MPH)
Batting: RHB Josh Hannemann 0-0: Called Strike
0-1: Reached on error, E6 (Groundball, 6S, EV 65.6 MPH)
Pinch Hitting: RHB Johnny Hendrix 0-0: Fly out, F6 (Popup, P, EV 77.5 MPH)
Top of the 7th over - 0 runs, 0 hits, 1 error, 1 left on base; Arkansas 2 - San Antonio 14
BOTTOM OF THE 7TH
San Antonio Missions batting - Pitching for Arkansas Travelers : RHP Mike Sykes
Now at 2B: Johnny Hendrix
Batting: RHB Jorge Cabrera 0-0: Ball
1-0: Ground out 5-3 (Groundball, 56S, EV 64.4 MPH)
Batting: LHB Johann Sorely 0-0: Ball
1-0: Ball
2-0: Ball
3-0: Base on Balls
Batting: SHB Kakuzo Eida 0-0: Ball
1-0: Ball
2-0: Called Strike
2-1: Foul Ball, location: 2F
2-2: Fielders Choice at 2nd, 2-4 (Groundball, 15S, EV 73.1 MPH)
Pinch Hitting: RHB Sean Craig 0-0: Ball
1-0: Fielders Choice at 2nd, 6-4 (Groundball, 6, EV 85.0 MPH)
Bottom of the 7th over - 0 runs, 0 hits, 0 errors, 1 left on base; Arkansas 2 - San Antonio 14
TOP OF THE 8TH
Arkansas Travelers batting - Pitching for San Antonio Missions : RHP Jeff Lindsay
Now at 2B: José Beltrán
Now at 3B: Greg Greene
Now at SS: Sean Craig
Batting: SHB Junior Garrett 0-0: Called Strike
0-1: Ball
1-1: Ball
2-1: Called Strike
2-2: Ball
3-2: Ground out 6-3 (Groundball, 6, EV 101.9 MPH)
Batting: RHB Ric Dennis 0-0: Ball
1-0: Called Strike
1-1: SINGLE (Groundball, 6MD, EV 93.8 MPH)
Pinch Hitting: LHB Chris Bernard 0-0: 2-RUN HOME RUN (Flyball, 9D, EV 95.6 MPH), Distance : 372 ft
Batting: LHB Greg Gibson 0-0: Foul Ball, location: 5SF
0-1: Ball
1-1: Ball
2-1: Called Strike
2-2: Ball
3-2: Foul Ball, location: 2F
3-2: Foul Ball, location: 5SF
3-2: Foul Ball, location: 2F
3-2: Fly out, F8 (Flyball, 78M, EV 94.4 MPH)
Pitching: RHP Jim Lang
Batting: RHB Xavier López 0-0: Called Strike
0-1: Ball
1-1: Swinging Strike
1-2: Strikes out swinging
Top of the 8th over - 2 runs, 2 hits, 0 errors, 0 left on base; Arkansas 4 - San Antonio 14
BOTTOM OF THE 8TH
San Antonio Missions batting - Pitching for Arkansas Travelers : RHP Mike Sykes
Now at 1B: César Cervantes
Batting: RHB John Howatt 0-0: Ball
1-0: Foul Ball, location: 2LF
1-1: Swinging Strike
1-2: Ball
2-2: Foul Ball, location: 5F
2-2: Foul Ball, location: 9LSF
2-2: SINGLE (Groundball, 34, EV 82.5 MPH) (infield hit)
Batting: LHB Greg Greene 0-0: Ball
1-0: Called Strike
1-1: Swinging Strike
1-2: Ball
2-2: Foul Ball, location: 7LSF
2-2: Ball
3-2: Strikes out looking
Batting: RHB José Beltrán 0-0: Called Strike
0-1: Foul Ball, location: 2F
0-2: Ball
1-2: Grounds into double play, 3-6-3 (Groundball, 3, EV 85.6 MPH)
Bottom of the 8th over - 0 runs, 1 hit, 0 errors, 0 left on base; Arkansas 4 - San Antonio 14
TOP OF THE 9TH
Arkansas Travelers batting - Pitching for San Antonio Missions : RHP Jim Lang
Batting: LHB Jorge Santos 0-0: Called Strike
0-1: Ball
1-1: Foul Ball, location: 9LSFF
1-2: Ball
2-2: Ground out 6-3 (Groundball, 6M, EV 79.4 MPH)
Batting: RHB Clarence Gedman 0-0: Called Strike
0-1: Called Strike
0-2: Strikes out swinging
Batting: RHB Josh Hannemann 0-0: Ground out 5-3 (Groundball, 25, EV 86.9 MPH)
Top of the 9th over - 0 runs, 0 hits, 0 errors, 0 left on base; Arkansas 4 - San Antonio 14
Monday, April 1st , 2024 - OOTP Baseball 24.10 Build 82